 Dungeon Crawl Stone Soup version 0.29-a0-857-g9b1aa3ac5b (webtiles) character file.

Game seed: 2203515198581401525

1519 zeratav the Destroyer (level 8, -1/46 HPs)
             Began as an Octopode Conjurer on July 16, 2022.
             Was an Initiate of Gozag.
             Slain by a troll (4 damage)
             ... on level 6 of the Dungeon.
             The game lasted 00:13:14 (7734 turns).

zeratav the Destroyer (Octopode Conjurer)           Turns: 7734, Time: 00:13:14

Health: -1/46      AC:  1    Str:  8    XL:     8   Next: 84%
Magic:  8/11       EV: 13    Int: 23    God:    Gozag
Gold:   242        SH:  0    Dex: 14    Spells: 5/11 levels left

rFire   . . .      SeeInvis .   d - +11 whip of the Nurturing Oracle {elec, rF- Will+++ Str+2 Dex+4, mace}
rCold   . . .      Faith    .   (no shield)
rNeg    . . .      Spirit   .   (helmet restricted)
rPois   .          Reflect  .   (no amulet)
rElec   .          Harm     .   f - +4 ring of slaying
rCorr   .          Rampage  .   n - ring of protection from fire
Will    ++++.                   s - ring of willpower
Stlth   ++++......              (no ring)
HPRegen 0.15/turn               (no ring)
MPRegen 0.12/turn               (no ring)
                                (no ring)
                                (no ring)

@: no status effects
A: almost no armour, amphibious, 8 rings, camouflage 1, gelatinous body 1,
(nimble swimmer 1), tentacles
a: Renounce Religion, Potion Petition, Call Merchant, Bribe Branch


You were on level 6 of the Dungeon.
You worshipped Gozag.
Gozag was aware of your devotion.
You visited 2 branches of the dungeon, and saw 7 of its levels.

You collected 340 gold pieces.
You paid 98 gold pieces to Gozag.


Innate Abilities, Weirdness & Mutations

You cannot wear most types of armour.
You are amphibious.
You can wear up to eight rings at the same time.
Your skin changes colour to match your surroundings (Stealth+).
Your rubbery body absorbs attacks. (AC +1, EV +1)
((You are camouflaged when in or above water. (Stealth+)))
You have tentacles for arms and can constrict up to eight enemies at once.


   Skills:
 - Level 2.0 Dodging
 - Level 5.0 Stealth
 - Level 2.0 Spellcasting
 - Level 8.0 Conjurations
 + Level 7.6 Hexes


You had 5 spell levels left.
You knew the following spells:

 Your Spells              Type           Power      Damage    Failure   Level
a - Magic Dart            Conj           100%       1d8       1%          1
b - Searing Ray           Conj           78%        2d7       1%          2
c - Dazzling Flash        Conj/Hex       76%        N/A       1%          3

Your spell library contained the following spells:

 Spells                   Type           Power      Damage    Failure   Level
 Confusing Touch          Hex            37%        N/A       1%          3
 Ensorcelled Hibernation  Hex/Ice        38%        N/A       4%          2
 Fulminant Prism          Conj/Hex       19%        3d11      5%          4
 Stone Arrow              Conj/Erth      40%        3d9       8%          3
 Sandblast                Erth           4%         2d4       13%         1
 Passwall                 Tmut/Erth      1%         N/A       19%         2
 Iskenderun's Mystic Bla  Conj/Tloc      20%        2d6       24%         4
 Anguish                  Hex/Necr       9%         N/A       26%         4
 Spider Form              Tmut/Pois      2%         N/A       36%         3
 Yara's Violent Unravell  Hex/Tmut       9%         3d6       58%         5
 Enfeeble                 Hex            18%        N/A       99%         7

Inventory:

Hand Weapons
 c - a +0 dagger {short}
   (You took it off a goblin on level 1 of the Dungeon)
 d - the +11 whip of the Nurturing Oracle (weapon) {elec, rF- Will+++ Str+2 Dex+4, mace}
   (You found it on level 4 of the Dungeon)

   It occasionally discharges a powerful burst of electricity upon striking a
   foe.
   Str:       It affects your strength (+2).
   Dex:       It affects your dexterity (+4).
   rF:        It makes you vulnerable to fire.
   Will:      It greatly increases your willpower.
 l - the +5 dagger of Ru's Generosity {venom, *Slow rElec rPois Stlth+, short}
   (You found it on level 3 of the Dungeon)

   It poisons the flesh of those it strikes.
   rElec:     It insulates you from electricity.
   rPois:     It protects you from poison.
   *Slow:     It may slow you when you take damage.
   Stlth:     It makes you more stealthy.
 o - a +1 spear of venom {polearm}
   (You took it off a gnoll on level 3 of the Dungeon)
Jewellery
 f - a +4 ring of slaying (left tentacle)
   (You found it on level 1 of the Dungeon)
 n - a ring of protection from fire (right tentacle)
   (You found it on level 3 of the Dungeon)
 s - a ring of willpower (on tentacle)
   (You took it off a gnoll on level 3 of the Dungeon)
Wands
 j - a wand of polymorph (14)
   (You found it on level 2 of the Dungeon)
 u - a wand of charming (8)
   (You took it off Ijyb on level 3 of the Dungeon)
Scrolls
 g - a scroll of teleportation {@r4}
 h - 2 scrolls of immolation {!r!r}
 q - a scroll of poison {!r}
 r - a scroll of identify {@r1}
 t - a scroll of blinking {!r}
Potions
 a - a potion of magic
 b - a potion of lignification {unknown}
 e - 2 potions of heal wounds {@q2}
 i - a potion of brilliance {unknown}
 k - 2 potions of mutation {unknown}
 m - 2 potions of attraction {unknown}
 p - 4 potions of curing {@q1}
 v - a potion of flight {unknown}

Dungeon Overview and Level Annotations

Branches:
Dungeon (6/15) Zot: 26958  Temple (1/1) D:5 Zot: 5987

Altars:
Ashenzari
Gozag
Hepliaklqana
Makhleb
Okawaru
Sif Muna
Trog
Uskayaw

Annotations:
D:4 Grinder

############
#.....T@..$#
#.########.#######
$ .......>.......
...####.#######
..# #......... #.#
#.....###.# #.#
#.....###.# #.#
##........#
###.####.....##.


You could see a troll (wandering, blind).


Message History

You barely miss the orc. You grab the orc. You squeeze the orc!
You kill the orc!
The orc cheers noisily, in orcish tradition.
You whack the orc!
You kill the orc!
The orc hits you with a +0 hand axe.
Items here: )) ††.
HP[-1]
You take 1 damage, and now have 37/46 hp.
You whack the orc!
You kill the orc!
No target in view!
No target in view!
No target in view!
No target in view!
No target in view!
A black bear comes into view.
HP[+9]
Your hp is fully restored (46).
The helpless black bear fails to defend itself.
You whack the black bear! You grab the black bear. You squeeze the black bear!
You constrict the black bear, but do no damage.
The black bear barely misses you. The black bear claws you.
The black bear closely misses you. The black bear barely misses you.
The black bear closely misses you. The black bear claws you.
HP[-6]
You take 6 damage, and now have 40/46 hp.
You whack the black bear!
You kill the black bear!
Found a staircase to the Ecumenical Temple.
HP[+6]
Your hp is fully restored (46).
p - 3 potions of curing {@q1} (gained 1)
You see here a +0 mace {mace}.
You see here a +0 chain mail.
h - 2 scrolls of immolation {!r!r} (gained 1)
You now have 326 gold pieces (gained 16).
p - 4 potions of curing {@q1} (gained 1) Done exploring.
(D) Dungeon (T) Temple
Where to? (Enter - D:4 @ (x,y), ? - help)
Things that are here:
a +0 flail {mace}; a +0 mace {mace}
There is a staircase to the Ecumenical Temple here.
You climb downwards.
Welcome to the Ecumenical Temple!
Found four altars.
There is a staircase back to the Dungeon here.
Found a broken altar of Ashenzari.
Found a bloodstained altar of Trog.
There is an opulent altar of Gozag here.
You curl up in front of the altar of Gozag.
Gozag welcomes you!
You pay a service fee of 98 gold.
(D) Dungeon (T) Temple
Where to? (Enter - Temple, ? - help)
There is a staircase back to the Dungeon here.
You climb upwards.
Welcome back to the Dungeon!
There is a staircase to the Ecumenical Temple here.
Done exploring.
(D) Dungeon (T) Temple
Where to? (Enter - D:5, ? - help)
There is a stone staircase leading down here.
You climb downwards.
You hear the sound of rushing water.
There is an entrance to a sewer on this level.
Hurry and find it before the portal rusts away!
There is a stone staircase leading up here.
The helpless scorpion fails to defend itself.
You thrash the scorpion!! Lightning courses through the scorpion!
You kill the scorpion!
Found a stone staircase leading down.
You now have 232 gold pieces (gained 4).
You now have 242 gold pieces (gained 10).
m - 2 murky cyan potions (gained 1)
There is a stone staircase leading down here.
A troll comes into view.
The helpless troll fails to defend itself.
You hit the troll. You squeeze the troll! The troll bites you.
The troll claws you. The troll claws you!
HP[-18]
You take 18 damage, and now have 28/46 hp.
MASSIVE DAMAGE!! (PAUSE)
Casting: Dazzling Flash (safe; 1% risk of failure)
Confirm with . or Enter, or press ? or * to list all spells.
Casting: Dazzling Flash (safe; 1% risk of failure)
Press: ? - help, Dir - look around, f - activate The troll is dazzled.
The troll misses you. The troll claws you!
* * * LOW HITPOINT WARNING * * *
The troll claws you!
* * * LOW HITPOINT WARNING * * *
HP[-21] MP[-3]
You take 21 damage, and now have 7/46 hp.
MASSIVE DAMAGE!! (PAUSE)
You lost 3 mp, and now have 8/11 mp.
You hit the troll. The troll closely misses you.
The troll barely misses you. x2
You catch the helpless troll completely off-guard!
You whack the troll! The troll misses you. The troll claws you.
* * * LOW HITPOINT WARNING * * *
The troll claws you.
You die...
Your body crumbles into a pile of gold.

Skill      XL: |  1  2  3  4  5  6  7  8 |
---------------+-------------------------+-----
Stealth        | 3 4 5 |  5.0
Conjurations   | 5 6 7 8 |  8.0
Hexes          | 4 7 |  7.6
Dodging        | |  2.0
Spellcasting   | |  2.0

Action                   |  1- 3 |  4- 6 |  7- 9 || total
-------------------------+-------+-------+-------++-------
Melee: Unarmed           |     8 |       |       ||     8
       Dagger            |    15 |    21 |    16 ||    52
       Constrict         |     5 |     2 |    13 ||    20
       Tentacles         |     4 |     3 |    13 ||    20
       Whip              |       |       |    29 ||    29
       Punch             |       |       |     1 ||     1
 Cast: Magic Dart        |    55 |   179 |    48 ||   282
       Searing Ray       |       |       |     3 ||     3
       Dazzling Flash    |       |       |     5 ||     5
  Use: Scroll            |       |       |     7 ||     7
 Stab: Sleeping          |     1 |     6 |     5 ||    12
       Invisible         |       |       |     2 ||     2
Armor: Skin              |     4 |     1 |     2 ||     7
Dodge: Dodged            |     7 |    12 |    35 ||    54

Levels and vault maps discovered:
D:1:      giann_wishing_wells, layout_basic,
          shapermc_ecumenical_altar_mp_urbaneastern
D:2:      layout_basic, basic_altar
D:3:      lemuel_castle_with_subvaults [lemuel_castle_interior_carwin_3],
          layout_loops_ring, eat_drink_and_be_merry_uskayaw,
          serial_co_window_serial, co_window_paths_a, co_window_corner_a,
          co_window_paths_a, co_window_paths_b, co_window_of_opportunity_a,
          co_window_paths_b, co_window_corner_a, co_window_unsneaky_path_d,
          co_window_of_opportunity_b, co_window_cross_2, glass_columns_c,
          glass_columns_a, glass_columns_b, corexii_shack, uniq_ijyb
D:4:      layout_rooms, uniq_grinder
D:5:      cheibrodos_iron_armory, layout_loops_ring, temple_hall, minivault_23,
          uniq_sigmund, uniq_edmund
D:6:      minmay_evil_eye, layout_basic, gup_sewer_entry_pipe
Temple:   nicolae_temple_bog_church

Notes
Turn   | Place    | Note
-------+----------+-------------------------------------------
     0 | D:1      | zeratav the Octopode Conjurer began the quest for the Orb.
     0 | D:1      | Reached XP level 1. HP: 11/11 MP: 3/3
     0 | D:1      | magus.rc [v1.9.6]
   136 | D:1      | Reached skill level 3 in Stealth
   139 | D:1      | HP: 1/11 [frozen (4)]
   639 | D:1      | Reached XP level 2. HP: 17/17 MP: 3/5
  1026 | D:1      | Reached XP level 3. HP: 21/21 MP: 0/6
  1038 | D:1      | Reached skill level 4 in Stealth
  1288 | D:1      | Found a faded altar of an unknown god.
  1702 | D:2      | Reached XP level 4. HP: 20/27 MP: 1/7
  1936 | D:2      | Found a hazy altar of Hepliaklqana.
  1940 | D:2      | You pick up a book of Misfortune and begin reading...
  1940 | D:2      | You add the spells Confusing Touch, Yara's Violent
                  | Unravelling and Enfeeble to your library.
  2313 | D:3      | Reached skill level 5 in Stealth
  2313 | D:3      | Reached skill level 5 in Conjurations
  2404 | D:3      | Found a hide-covered altar of Uskayaw.
  2413 | D:3      | Identified the +5 dagger of Ru's Generosity {venom, *Slow
                  | rElec rPois Stlth+}
  2573 | D:3      | Reached XP level 5. HP: 31/31 MP: 4/8
  3336 | D:3      | Reached skill level 6 in Conjurations
  3344 | D:3      | Reached XP level 6. HP: 36/36 MP: 0/9
  3923 | D:3      | Reached skill level 7 in Conjurations
  4412 | D:3      | Reached XP level 7. HP: 26/41 MP: 2/10
  4556 | D:3      | HP: 9/41 [kobold brigand/+0 short sword (10)]
  4557 | D:3      | HP: 3/41 [kobold brigand/+0 short sword (6)]
  4740 | D:3      | Reached skill level 8 in Conjurations
  5032 | D:3      | Noticed Ijyb
  5037 | D:3      | Learned a level 2 spell: Searing Ray
  5043 | D:3      | Killed Ijyb
  5070 | D:3      | Reached skill level 1 in Hexes
  5852 | D:4      | Reached skill level 2 in Hexes
  5975 | D:4      | Noticed Grinder
  6053 | D:4      | Reached skill level 3 in Hexes
  6205 | D:4      | Identified the +11 whip of the Nurturing Oracle {elec, rF-
                  | Will+++ Str+2 Dex+4}
  6445 | D:5      | Entered Level 5 of the Dungeon
  6458 | D:5      | Reached skill level 4 in Hexes
  6462 | D:5      | Noticed Sigmund
  6465 | D:5      | Reached XP level 8. HP: 15/46 MP: 11/11
  6684 | D:5      | Learned a level 3 spell: Dazzling Flash
  6690 | D:5      | Reached skill level 5 in Hexes
  6691 | D:5      | You pick up a book of Dreams and begin reading...
  6691 | D:5      | You add the spells Ensorcelled Hibernation, Spider Form and
                  | Anguish to your library.
  6729 | D:5      | You pick up a book of Geomancy and begin reading...
  6729 | D:5      | You add the spells Sandblast, Passwall and Stone Arrow to
                  | your library.
  6787 | D:5      | Killed Sigmund
  6788 | D:5      | Reached skill level 6 in Hexes
  6885 | D:5      | Noticed Edmund
  6896 | D:5      | Killed Edmund
  7051 | D:5      | Reached skill level 7 in Hexes
  7354 | D:5      | Found a staircase to the Ecumenical Temple.
  7647 | Temple   | Entered the Ecumenical Temple
  7653 | Temple   | Became a worshipper of Gozag Ym Sagoz the Greedy
  7727 | D:6      | Noticed a troll
  7732 | D:6      | HP: 7/46 [troll (11)]
  7734 | D:6      | HP: 3/46 [troll (4)]
  7734 | D:6      | Slain by a troll

Vanquished Creatures
  Sigmund (D:5)
  Edmund (D:5)
  2 black bears (D:5)
  An ogre (D:5)
  A phantom (D:5)
  A kobold brigand (D:3)
  4 scorpions
  2 howler monkeys
  2 hounds (D:3)
  Ijyb (D:3)
  2 iguanas
  An orc wizard (D:3)
  19 gnolls (D:3)
  7 adders
  2 worms
  4 dart slugs
  21 orcs
  4 endoplasms
  3 giant cockroaches
  10 goblins
  4 hobgoblins
  16 jackals
  3 quokkas
  6 ball pythons
  7 bats
  4 frilled lizards
  4 kobolds
  6 rats
139 creatures vanquished.

Vanquished Creatures (others)
  6 plants (D:3)
6 creatures vanquished.

Grand Total: 145 creatures vanquished

Table legend:
 A = Non-vault XP
 B = Vault XP
 C = Vault XP percentage of total XP
 D = Non-vault monster count
 E = Vault monster count
 F = Vault count percentage of total count
                 A         B        C        D         E       F
            +---------+---------+-------+---------+---------+-------
      Total |    1157 |    1014 |  46.7 |      83 |      56 |  40.3
            +---------+---------+-------+---------+---------+-------
        D:1 |      44 |       0 |   0.0 |      25 |       0 |   0.0
        D:2 |      72 |       0 |   0.0 |      14 |       0 |   0.0
        D:3 |      60 |     647 |  91.5 |      23 |      54 |  70.1
        D:4 |     230 |       0 |   0.0 |      10 |       0 |   0.0
        D:5 |     672 |     367 |  35.3 |      10 |       2 |  16.7
        D:6 |      79 |       0 |   0.0 |       1 |       0 |   0.0
            +---------+---------+-------+---------+---------+-------

Illustrated notes

Table legend:
 A = Kills in this place as a percentage of kills in entire the game.
 B = Kills by you in this place as a percentage of kills by you in the entire game.
 C = Kills by friends in this place as a percentage of kills by friends in the entire game.
 D = Other kills in this place as a percentage of other kills in the entire game.
 E = Experience gained in this place as a percentage of experience gained in the entire game.
 F = Experience gained in this place divided by the number of levels of this place that you have seen.
                   A       B       C       D       E      F
               +-------+-------+-------+-------+-------+----------------------
         Total | 100.0 | 100.0 |   N/A |   N/A | 100.0 | 310.1
       Dungeon | 100.0 | 100.0 |   N/A |   N/A | 100.0 | 361.8
               +-------+-------+-------+-------+-------+----------------------

Table legend: (Time is in decaauts)
 A = Elapsed time spent in this place.
 B = Non-inter-level travel time spent in this place.
 C = Inter-level travel time spent in this place.
 D = Time resting spent in this place.
 E = Time spent auto-exploring this place.
 F = Levels seen in this place.
 G = Mean time per level.
                   A        B        C        D        E       F      G
               +--------+--------+--------+--------+--------+-----+--------+
         Total |   7733 |   7514 |    219 |   2594 |   3707 |   7 | 1104.7 |
       Dungeon |   7720 |   7508 |    212 |   2594 |   3707 |   6 | 1286.7 |
        Temple |     12 |      6 |      6 |      0 |      0 |   1 |   12.0 |
               +--------+--------+--------+--------+--------+-----+--------+

Top non-repeatable levels by time:
     D:3: 3514 daAuts
     D:1: 1424 daAuts
     D:5: 1040 daAuts
     D:2: 862 daAuts
     D:4: 839 daAuts
     D:6: 40 daAuts
  Temple: 12 daAuts
